 Dungeon Crawl Stone Soup version 0.17.0-27-g4a3f43e (webtiles) character file.

7 oplop the Scratcher (level 1, 0/9 HPs)
             Began as a Felid Transmuter on Nov 21, 2015.
             Slain by a kobold
             ... wielding a +0 dagger
              (6 damage)
             ... on level 1 of the Dungeon.
             The game lasted 00:00:53 (253 turns).

oplop the Scratcher (Felid Transmuter)               Turns: 253, Time: 00:00:53

Health: 0/9        AC:  1    Str:  6    XL:     1   Next: 91%
Magic:  4/4        EV: 18    Int: 14    God:
Gold:   14         SH:  0    Dex: 16    Spells: 1 memorised, 3 levels left
                                        Lives:  0   Deaths: 0

rFire  . . .     SeeInvis +       - Unarmed
rCold  . . .     Clarity  .     (armour unavailable)
rNeg   . . .     SustAt   .     (shield unavailable)
rPois  .         Gourm    .     (helmet unavailable)
rElec  .         Spirit   .     (cloak unavailable)
rCorr  .         Warding  .     (gloves unavailable)
rMut   .         Stasis   .     (boots unavailable)
MR     .....                    (no amulet)
Stlth  ++........               (no ring)
                                (no ring)

@: quick, not resistant to hostile enchantments, unstealthy
A: no armour, no weapons or thrown items, claws 1, fangs 3, see invisible,
carnivore 3, speed 1, shaggy fur 1, slow metabolism 1, sharp paws
a: no special abilities


You were on level 1 of the Dungeon.
You were not hungry.

You visited 1 branch of the dungeon, and saw 1 of its levels.

You collected 14 gold pieces.

Inventory:

Missiles
 a - 12 arrows
Jewellery
 h - an uncursed ring of sustain attributes {unknown}
Scrolls
 e - a scroll of fog {unknown}
 f - a scroll of identify {unknown}
 g - 2 scrolls of blinking {unknown}
Potions
 d - a potion of lignification {unknown}
Books
 b - a book of Changes

   Spells                             Type                      Level
   a - Beastly Appendage              Transmutation                1
   b - Sticks to Snakes               Transmutation                2
   c - Spider Form                    Transmutation/Poison         3
   d - Ice Form                       Ice/Transmutation            4
   e - Blade Hands                    Transmutation                5
Comestibles
 c - a meat ration


   Skills:
 + Level 1.1 Fighting
 + Level 3.0 Dodging
 + Level 3.1 Unarmed Combat
 + Level 2.1 Spellcasting
 * Level 2.4 Transmutations


You had 3 spell levels left.
You knew the following spells:

 Your Spells              Type           Power        Failure   Level  Hunger
a - Beastly Appendage     Trmt           #.....       12%         1    ##.....


Dungeon Overview and Level Annotations

Branches:
Dungeon (1/15)

Altars:


Innate Abilities, Weirdness & Mutations

You cannot wear armour.
You are incapable of wielding weapons or throwing items.
You have sharp claws.
You have razor-sharp teeth.
You have supernaturally acute eyesight.
You are carnivorous and can eat meat at any time.
You cover ground quickly.
You are covered in fur (AC +1).
You have a slow metabolism.
Your sharp claws are effective at attacking unaware monsters.


Message History

No target in view!
No target in view!
You see here a giant gecko corpse.
A kobold comes into view. It is wielding a dagger.
You see here a gold piece.
A kobold is nearby!
A kobold is nearby!
A kobold is nearby!
You now have 14 gold pieces (gained 1).
The kobold throws a stone.
The stone closely misses you. The kobold closely misses you.
You closely miss the kobold. The kobold completely misses you.
You scratch the kobold.
The kobold is heavily wounded.
The kobold hits you with a dagger.
You scratch the kobold. You bite the kobold, but do no damage.
The kobold is almost dead.
The kobold hits you with a dagger.
Ouch! That really hurt!
You die...

#...##.#.# .. ##..##.#.. #.#
#..##.### #.## ########...#.###
#..# ...........#.... #..#
##########..#### #..
.............. #
#.#################..#..
##.#######(.....@K....#......>..#
...........##########.#..........
#................. #####...#.#
.........########. #...#..
....####.# #...##. ### #.#
########...... #.# #......†.#.##.
#.###########.########.##.
#.............# #.##.


You could see a kobold.

Vanquished Creatures
  A giant gecko (D:1)
  A bat (D:1)
  2 goblins (D:1)
  A giant newt (D:1)
  A rat (D:1)
6 creatures vanquished.

Notes
Turn   | Place    | Note
--------------------------------------------------------------
     0 | D:1      | oplop the Felid Transmuter began the quest for the Orb.
     0 | D:1      | Reached XP level 1. HP: 9/9 MP: 4/4
   253 | D:1      | Slain by a kobold

Action                   || total
-------------------------++-------
Melee: Unarmed           ||    19
 Cast: Beastly Appendage ||     4
